 Dungeon Crawl Stone Soup version 0.18.1-2-ga659475 (webtiles) character file.

261 oplop the Sneak (level 6, 0/32 HPs)
             Began as a Vine Stalker Assassin on May 8, 2016.
             Was an Initiate of Ru.
             Slain by Prince Ribbit (2 damage)
             ... on level 5 of the Dungeon.
             The game lasted 00:05:40 (3435 turns).

oplop the Sneak (Vine Stalker Assassin)             Turns: 3435, Time: 00:05:41

Health: 0/32       AC:  3    Str: 13    XL:     6   Next: 18%
Magic:  0/10       EV: 11    Int: 11    God:    Ru [......]
Gold:   250        SH:  0    Dex: 18    Spells: 0 memorised, 9 levels left

rFire  . . .     SeeInvis .     a - +2 dagger
rCold  . . .     Gourm    +     c - +0 robe
rNeg   . . .     Faith    .     (no shield)
rPois  .         Spirit   +     (no helmet)
rElec  .         Dismiss  .     d - +0 cloak
rCorr  .         Reflect  .     (no gloves)
SustAt .         Harm     .     (no boots)
MR     .....                    y - amulet of the gourmand
Stlth  ++++......               (no ring)
                                (no ring)

@: not resistant to hostile enchantments, stealthy
A: fangs 2, regeneration 2, magic shield, antimagic bite, no device heal 3, rot
immunity
a: Renounce Religion


You were on level 5 of the Dungeon.
You worshipped Ru.
Ru was noncommittal.
You were not hungry.

You visited 2 branches of the dungeon, and saw 6 of its levels.

You collected 250 gold pieces.

Inventory:

Hand Weapons
 a - a +2 dagger (weapon)
 b - a +0 blowgun
Missiles
 e - 6 poisoned needles
 f - 2 curare-tipped needles
Armour
 c - a +0 robe (worn)
 d - a +0 cloak (worn)
Jewellery
 y - an amulet of the gourmand (around neck)
Scrolls
 h - 2 scrolls of remove curse {unknown}
 j - 6 scrolls of identify {unknown}
 k - a scroll of fear {unknown}
 o - a scroll of teleportation {unknown}
 s - a scroll of enchant weapon {unknown}
 w - a scroll of random uselessness {unknown}
 x - 2 scrolls of amnesia {unknown}
Potions
 l - 3 potions of flight {unknown}
 m - a potion of resistance {unknown}
 p - a potion of brilliance {unknown}
 q - 4 potions of curing {unknown}
 r - a potion of haste {unknown}
 z - a potion of cure mutation {unknown}
Books
 t - a book of Cantrips

   Spells                             Type                      Level
   a - Corona                         Hexes                        1
   b - Animate Skeleton               Necromancy                   1
   c - Summon Small Mammal            Summoning                    1
   d - Apportation                    Translocation                1
Comestibles
 g - 3 bread rations
 i - 2 beef jerkies
 v - 2 meat rations


   Skills:
 + Level 3.1 Fighting
 + Level 3.3 Short Blades
 - Level 1.7 Throwing
 - Level 0.7 Dodging
 + Level 6.4 Stealth
 + Level 2.4 Spellcasting


You had 9 spell levels left.
You didn't know any spells.

Dungeon Overview and Level Annotations

Branches:
Dungeon (5/15)             Temple (1/1) D:4

Altars:
Ashenzari
Elyvilon
Gozag
Nemelex Xobeh
Okawaru
Ru
Sif Muna
Trog
Xom
The Shining One

Annotations:
D:5 Prince Ribbit


Innate Abilities, Weirdness & Mutations

You have extremely sharp teeth.
You heal very quickly.
When hurt, damage is shared between your health and your magic reserves.
Your bite disrupts and absorbs the magic of your enemies.
Potions and wands cannot restore your health.
You are immune to rotting.


Message History

Prince Ribbit's magic leaks into the air.
You drain his magic.
You feel invigorated.
Prince Ribbit is heavily wounded.
Prince Ribbit hits you!
* * * LOW HITPOINT WARNING * * *
The crimson imp closely misses you. Prince Ribbit barely misses you.
You miss Prince Ribbit.
Prince Ribbit is heavily wounded.
The crimson imp hits you but does no damage.
Prince Ribbit hits you.
* * * LOW HITPOINT WARNING * * *
Unknown command.
You hit Prince Ribbit.
Prince Ribbit is severely wounded.
Prince Ribbit closely misses you. The crimson imp hits you.
* * * LOW HITPOINT WARNING * * *
Unknown command.
The crimson imp sputters.
The crimson imp blinks!
Prince Ribbit hits you.
You die...

##################
#.....>........<..
#.# #####..#######
## #.# #..# ... #.#
#..# ....###.# #..#
........#
####..####### ##ยง@#
#............
#..F####.##..#######
#.#.5.........#
#.#............#
#.............##
#.##.#####.##.# #.
#. #.##.# # #.
#.##.# #. #.##.#


You could see Prince Ribbit and a crimson imp.

Vanquished Creatures
  A hound (D:4)
  Terence (D:2)
  2 orc wizards
  4 adders
  A howler monkey skeleton (D:4)
  An ooze (D:2)
  2 adder skeletons (D:4)
  5 worms
  A dart slug (D:3)
  9 orcs
  7 giant cockroaches
  6 goblins
  10 hobgoblins
  4 jackals (D:2)
  A quokka (D:2)
  9 bats
  5 giant newts
  A kobold (D:3)
  9 rats
79 creatures vanquished.

Notes
Turn   | Place    | Note
--------------------------------------------------------------
     0 | D:1      | oplop the Vine Stalker Assassin began the quest for the Orb.
     0 | D:1      | Reached XP level 1. HP: 11/11 MP: 2/2
   160 | D:1      | Reached skill level 5 in Stealth
   239 | D:1      | Reached XP level 2. HP: 13/15 MP: 3/3
   956 | D:2      | Reached XP level 3. HP: 18/18 MP: 4/4
  1057 | D:2      | Reached skill level 1 in Spellcasting
  1193 | D:2      | Found a glowing golden altar of the Shining One.
  1193 | D:2      | Noticed Terence
  1198 | D:2      | Killed Terence
  1198 | D:2      | Reached XP level 4. HP: 23/23 MP: 5/7
  1324 | D:2      | Found an opulent altar of Gozag.
  1325 | D:2      | Found a sparkling altar of Nemelex Xobeh.
  1649 | D:3      | Found a faded altar to an unknown god.
  1899 | D:3      | Reached XP level 5. HP: 26/27 MP: 8/8
  2399 | D:3      | Reached skill level 6 in Stealth
  2638 | D:4      | Found a staircase to the Ecumenical Temple.
  2734 | Temple   | Entered the Ecumenical Temple
  2947 | Temple   | Became a worshipper of Ru the Awakened
  2966 | D:4      | Found an iron altar of Okawaru.
  3006 | D:4      | Gained mutation: You heal very quickly. [Vine Stalker growth]
  3006 | D:4      | Reached XP level 6. HP: 11/32 MP: 10/10
  3189 | D:4      | Found a shimmering altar of Xom.
  3340 | D:5      | Entered Level 5 of the Dungeon
  3419 | D:5      | Noticed Prince Ribbit
  3435 | D:5      | Slain by Prince Ribbit

Skill      XL: |  1  2  3  4  5 |
---------------+----------------+-----
Short Blades   | 2 3 |  3.3
Stealth        | 5 6 |  6.4
Fighting       | 2 3 |  3.1
Spellcasting   | 1 2 |  2.4
Throwing       | |  1.7
Dodging        | |  0.7

Action                   |  1- 3 |  4- 6 || total
-------------------------+-------+-------++-------
Melee: Dagger            |    56 |   179 ||   235
       Bite              |    10 |    57 ||    67
 Fire: Blowgun           |       |     6 ||     6
 Stab: Sleeping          |    16 |    10 ||    26
       Distracted        |       |     1 ||     1
  Eat: Chunk             |     1 |     5 ||     6
       Fruit             |       |     3 ||     3
       Pizza             |       |     1 ||     1
Armor: Robe              |     4 |    34 ||    38
Dodge: Dodged            |    22 |   101 ||   123
